 Dungeon Crawl Stone Soup version 0.16.2-12-gd0ad4c3 (webtiles) character file.

16336 spinkules the Severer (level 12, -1/135 HPs)
             Began as a Minotaur Berserker on July 30, 2015.
             Was the Champion of Trog.
             Slain by a 16-headed hydra (4 damage)
             ... on level 4 of the Lair of Beasts on Oct 31, 2015.
             The game lasted 01:00:56 (13311 turns).

spinkules the Severer (Minotaur Berserker)         Turns: 13311, Time: 01:00:56

Health: -1/135     AC: 17    Str: 28    XL:     12   Next: 9%
Magic:  1/1        EV:  8    Int:  6    God:    Trog [******]
Gold:   686        SH:  0    Dex: 14    Spells: 0 memorised, 11 levels left

rFire  + . .     SeeInvis .     S - +8 broad axe (antimagic)
rCold  x . .     Clarity  .     n - +0 plate armour
rNeg   . . .     SustAb   .     (no shield)
rPois  .         Gourm    .     (helmet restricted)
rElec  .         Spirit   .     P - +0 cloak (curse)
rCorr  .         Warding  .     Q - +0 pair of gloves
rMut   .         Stasis   .     o - +1 pair of boots
MR     .....                    u - amulet of faith
Stlth  ..........               X - ring of flight
                                y - ring of fire

@: berserking, very quick, not resistant to hostile enchantments, extremely
unstealthy
A: retaliatory headbutt, horns 2, clever 1
a: Burn Spellbooks, Berserk, Trog's Hand, Brothers in Arms, Renounce Religion,
Evoke Flight


You were on level 4 of the Lair of Beasts.
You worshipped Trog.
Trog was exalted by your worship.
You were not hungry.

You visited 3 branches of the dungeon, and saw 16 of its levels.

You collected 686 gold pieces.

Inventory:

Hand weapons
 C - a +5 broad axe of chopping
 S - a +8 antimagic broad axe (weapon)
Missiles
 B - 4 javelins of penetration (quivered)
Armour
 n - a +0 plate armour (worn)
 o - a +1 pair of boots (worn)
 P - a cursed +0 cloak (worn)
 Q - a +0 pair of gloves (worn)
Jewellery
 s - an uncursed amulet of stasis {unknown}
 u - an amulet of faith (around neck)
 x - an uncursed amulet of stasis {unknown}
 y - a ring of fire (left hand)
 H - an uncursed ring of teleport control {unknown}
 X - a ring of flight (right hand)
Magical devices
 b - a wand of slowing (17)
 z - a wand of flame (20)
 A - a wand of digging (13)
 D - a wand of slowing (27)
 I - a wand of hasting (4)
 K - a wand of disintegration (17)
 M - a wand of cold (5)
 T - a wand of enslavement (11)
Scrolls
 e - a scroll of blinking {unknown}
 h - 2 scrolls of enchant weapon
 m - 2 scrolls of fog
 p - 5 scrolls of magic mapping
 q - 3 scrolls of teleportation
 r - 3 scrolls of fear
 w - 5 scrolls of remove curse
 R - a scroll of noise
 W - a scroll of immolation
 Z - a scroll of recharging
Potions
 d - a potion of magic
 f - a potion of invisibility
 g - 2 potions of lignification
 j - 7 potions of curing
 k - 2 potions of agility
 t - 3 potions of berserk rage
 v - 2 potions of heal wounds
 E - a potion of haste
 G - 6 potions of restore abilities
 J - 2 potions of might
 L - a potion of resistance
 U - a potion of brilliance
 Y - a potion of degeneration
Books
 a - a Grand Grimoire {highlevel, unknown}

   This book is beyond your current level of understanding.

   Spells                             Type                      Level
   a - Aura of Abjuration             Summoning                    6
   b - Summon Greater Demon           Summoning                    7
   c - Malign Gateway                 Summoning/Translocation      7
   d - Summon Horrible Things         Summoning                    8
   Trog disapproves of the use of such an item.
 i - a book of Control

   Spells                             Type                      Level
   a - Control Teleport               Charms/Translocation         4
   b - Control Undead                 Necromancy                   4
   c - Enslavement                    Hexes                        4
   d - Metabolic Englaciation         Hexes/Ice                    5
   e - Mass Confusion                 Hexes                        6
   Trog disapproves of the use of such an item.
 V - a book of Minor Magic

   Spells                             Type                      Level
   a - Magic Dart                     Conjuration                  1
   b - Blink                          Translocation                2
   c - Call Imp                       Summoning                    2
   d - Repel Missiles                 Charms/Air                   2
   e - Slow                           Hexes                        2
   f - Conjure Flame                  Conjuration/Fire             3
   g - Mephitic Cloud                 Conjuration/Poison/Air       3
   Trog disapproves of the use of such an item.
Comestibles
 c - 9 bread rations
 l - 7 fruits
 F - 9 meat rations
 N - 2 beef jerkies
 O - 8 slices of pizza


   Skills:
 - Level 3.6 Fighting
 + Level 20.8 Axes
 - Level 0.2 Throwing
 - Level 5.6 Armour
 - Level 2.1 Dodging
 - Level 0.5 Stealth


You had 11 spell levels left.
You didn't know any spells.

Dungeon Overview and Level Annotations

Branches:
Dungeon (11/15)            Temple (0/1) D:4            Lair (4/8) D:8
 Shoals (0/5) Lair:4          Orc (1/4) D:9
  Snake: Lair:3-6    Spider: Lair:3-6

Altars:
Ashenzari
Cheibriados
Dithmenos
Elyvilon
Fedhas
Gozag
Kikubaaqudgha
Makhleb
Qazlal
Sif Muna
Trog
Xom
Yredelemnul
Zin
Jiyva

Annotations:
Lair:2 exclusion: oklob plant


Innate Abilities, Weirdness & Mutations

You reflexively headbutt those who attack you in melee.
You have a pair of horns on your head.
Your mind is acute. (Int +2)


Message History

Your headbutt misses the 16-headed hydra.
The 16-headed hydra is almost dead.
The 16-headed hydra bites you.
* * * LOW HITPOINT WARNING * * *
The 16-headed hydra bites you but does no damage. x2
The 16-headed hydra completely misses you.
The 16-headed hydra bites you but does no damage.
The 16-headed hydra bites you!
* * * LOW HITPOINT WARNING * * *
The 16-headed hydra bites you.
* * * LOW HITPOINT WARNING * * *
The 16-headed hydra bites you.
* * * LOW HITPOINT WARNING * * *
The 16-headed hydra bites you.
* * * LOW HITPOINT WARNING * * *
The 16-headed hydra bites you.
* * * LOW HITPOINT WARNING * * *
The 16-headed hydra bites you but does no damage. x3
The 16-headed hydra bites you.
You die...

#....#
##....#
#P...##
#....#
#.###....##
..........#
.........##
..........#
........@.#
........D.#
...#......#
.#..##...##
.... .....
. ##...##
#...P ....#
...#


You could see a 16-headed hydra.

Vanquished Creatures
  The ghost of schauveau the Geomancer, a powerful GrEE of Vehumet (D:10)
  The ghost of schauveau the Geomancer, an experienced GrEE of Vehumet (D:9)
  A griffon (Lair:4)
  A manticore (Lair:4)
  2 black mambas
  A spiny frog (Lair:1)
  2 komodo dragons
  A troll (D:9)
  The ghost of Britaniac the Changer, an average NaTm of Cheibriados (D:5)
  Grinder (D:3)
  A trapdoor spider zombie (D:8)
  A basilisk (Lair:2)
  5 blink frogs (Lair:3)
  A wyvern (D:8)
  5 yaks (Lair:2)
  2 hogs (D:7)
  2 hungry ghosts
  A human (D:7)
  8 wolves
  10 hippogriffs
  3 wargs
  A sky beast (D:8)
  5 porcupines
  6 water moccasins
  2 ice beasts
  4 ogres
  An eye of draining (D:9)
  A black bear (D:10)
  A phantom (D:10)
  4 orc warriors
  6 centaurs
  4 crocodiles
  A wasp (D:10)
  Duvessa (D:5)
  A big kobold (D:7)
  6 giant frogs
  2 water moccasin skeletons (D:7)
  3 wights (D:7)
  A scorpion (D:9)
  9 killer bees
  2 electric eels (Lair:1)
  2 giant frog zombies
  6 crimson imps
  Dowan (D:5)
  6 jellies
  A centaur zombie (D:7)
  Crazy Yiuf (D:3)
  A giant frog skeleton (D:6)
  10 hounds
  6 orc priests
  A centaur skeleton (D:4)
  6 iguanas
  6 worker ants
  15 orc wizards
  10 sheep
  4 hound zombies (D:4)
  2 hound skeletons
  7 gnolls
  Robin (D:3)
  15 adders
  2 worker ant zombies (D:4)
  2 giant mites
  28 river rats
  3 shadow imps
  3 worms
  4 adder zombies (D:4)
  An adder skeleton (D:9)
  5 giant geckos
  46 orcs
  10 bats
  A bat zombie (D:4)
  3 giant cockroaches
  17 goblins
  18 hobgoblins
  15 jackals
  27 kobolds
  6 oozes
  3 ball pythons
  3 giant gecko skeletons (D:4)
  2 giant newts (D:1)
  A jackal zombie (D:6)
  5 quokkas
  A quokka zombie (D:4)
  15 rats
  2 ballistomycetes (D:10)
  A fungus (Lair:4)
  2 plants (Lair:1)
439 creatures vanquished.

Vanquished Creatures (others)
  A giant spore (D:10)
  4 fungi
  2 plants (Lair:1)
  A toadstool (D:4)
8 creatures vanquished.

Grand Total: 447 creatures vanquished

Notes
Turn   | Place    | Note
--------------------------------------------------------------
     0 | D:1      | spinkules, the Minotaur Berserker, began the quest for the Orb.
     0 | D:1      | Reached XP level 1. HP: 19/19 MP: 1/1
   274 | D:1      | Reached skill level 4 in Axes
   412 | D:1      | Reached XP level 2. HP: 26/26 MP: 1/1
   413 | D:1      | Upgraded the game from 0.16.1-51-g6203257 to 0.16.2-2-g470672f
   413 | D:1      | Upgraded the game from 0.16.2-2-g470672f to 0.16.2-12-gd0ad4c3
   791 | D:2      | Found a blossoming altar of Fedhas.
  1025 | D:2      | Reached XP level 3. HP: 31/31 MP: 2/2
  1059 | D:2      | Reached skill level 5 in Axes
  1216 | D:2      | Acquired Trog's second power
  1695 | D:3      | Found a shadowy altar of Dithmenos.
  1839 | D:3      | Found a snail-covered altar of Cheibriados.
  1863 | D:3      | Reached XP level 4. HP: 39/39 MP: 2/2
  1928 | D:3      | Noticed Robin
  1943 | D:3      | Reached skill level 6 in Axes
  1974 | D:3      | Killed Robin
  2024 | D:3      | Noticed Grinder
  2031 | D:3      | Killed Grinder
  2031 | D:3      | Reached skill level 8 in Axes
  2031 | D:3      | Reached XP level 5. HP: 45/45 MP: 2/2
  2031 | D:3      | Reached XP level 6. HP: 51/51 MP: 3/3
  2103 | D:3      | Noticed Crazy Yiuf
  2111 | D:3      | Killed Crazy Yiuf
  2361 | D:3      | Found a stormy altar of Qazlal.
  2653 | D:4      | Reached skill level 9 in Axes
  2730 | D:4      | Reached XP level 7. HP: 55/57 MP: 3/3
  2815 | D:4      | Found a staircase to the Ecumenical Temple.
  2986 | D:4      | Found a basalt altar of Yredelemnul.
  3011 | D:4      | Found a shimmering altar of Xom.
  3014 | D:4      | Reached skill level 10 in Axes
  3231 | D:4      | Found a viscous altar of Jiyva.
  3297 | D:5      | Entered Level 5 of the Dungeon
  3297 | D:5      | Found a burning altar of Makhleb.
  3398 | D:5      | Noticed Dowan
  3398 | D:5      | Acquired Trog's third power
  3414 | D:5      | Killed Dowan
  3414 | D:5      | Reached skill level 11 in Axes
  3437 | D:5      | Noticed Britaniac's ghost (average NaTm)
  3453 | D:5      | Killed Britaniac's ghost
  3453 | D:5      | Reached XP level 8. HP: 24/64 MP: 3/3
  3743 | D:5      | Reached skill level 12 in Axes
  4167 | D:5      | Found a glowing silver altar of Zin.
  4168 | D:5      | Found an opulent altar of Gozag.
  4275 | D:5      | Received a gift from Trog
  4330 | D:5      | Noticed Duvessa
  4341 | D:5      | Killed Duvessa
  4475 | D:5      | Reached skill level 13 in Axes
  5413 | D:7      | Reached XP level 9. HP: 68/70 MP: 4/4
  5503 | D:7      | Reached skill level 14 in Axes
  5544 | D:7      | Reached skill level 15 in Axes
  5794 | D:7      | HP: 3/105 [orc warrior/battleaxe (22)]
  6232 | D:7      | Reached skill level 16 in Axes
  6515 | D:7      | Received a gift from Trog
  6598 | D:7      | Reached XP level 10. HP: 62/77 MP: 4/4
  6976 | D:8      | Found a staircase to the Lair.
  7385 | D:8      | Received a gift from Trog
  7422 | D:8      | Reached skill level 17 in Axes
  7461 | D:8      | Found a deep blue altar of Sif Muna.
  8112 | D:9      | Found a staircase to the Orcish Mines.
  8271 | D:9      | Noticed schauveau's ghost (experienced GrEE)
  8286 | D:9      | Killed schauveau's ghost
  8286 | D:9      | Reached skill level 18 in Axes
  8521 | D:9      | Received a gift from Trog
  8595 | D:9      | Gained mutation: Your mind is acute. (Int +2) [mutagenic glow]
  8740 | D:10     | Entered Level 10 of the Dungeon
  8756 | D:10     | Noticed schauveau's ghost (powerful GrEE)
  8771 | D:10     | Killed schauveau's ghost
  8957 | D:10     | Reached XP level 11. HP: 74/82 MP: 1/4
  9096 | D:10     | Found a deep blue altar of Sif Muna.
  9397 | Orc:1    | Entered Level 1 of the Orcish Mines
  9725 | Lair:1   | Entered Level 1 of the Lair of Beasts
  9781 | Lair:1   | Found a white marble altar of Elyvilon.
 10198 | Lair:1   | Reached skill level 19 in Axes
 10769 | Lair:1   | Found a shattered altar of Ashenzari.
 10910 | Lair:1   | Reached skill level 5 in Armour
 11260 | Lair:2   | Found a bloodstained altar of Trog.
 11739 | Lair:2   | Received a gift from Trog
 12166 | Lair:3   | Reached skill level 20 in Axes
 12692 | Lair:3   | Found an ancient bone altar of Kikubaaqudgha.
 13059 | Lair:4   | Reached XP level 12. HP: 75/90 MP: 1/5
 13161 | Lair:4   | Found a staircase to the Shoals.
 13248 | Lair:4   | Received a gift from Trog
 13295 | Lair:4   | Noticed an eight-headed hydra
 13311 | Lair:4   | HP: 6/135 [16-headed hydra (3)]
 13311 | Lair:4   | Slain by a 16-headed hydra

Action                   |  1- 3 |  4- 6 |  7- 9 | 10-12 || total
-------------------------+-------+-------+-------+-------++-------
Melee: Hand axe          |    91 |       |       |       ||    91
       War axe           |    15 |   109 |   259 |       ||   383
       Battleaxe         |       |       |   138 |    67 ||   205
       Broad axe         |       |       |       |   439 ||   439
Throw: Javelin           |       |       |       |     1 ||     1
Invok: Berserk           |       |     2 |     6 |     3 ||    11
       Burn Spellbooks   |       |       |     1 |       ||     1
  Use: Scroll            |       |       |     5 |    19 ||    24
 Stab: Fleeing           |       |       |       |     1 ||     1
       Distracted        |       |       |       |     1 ||     1
  Eat: Chunk             |     3 |     5 |    19 |    21 ||    48
       Royal jelly       |       |       |       |     1 ||     1
       Fruit             |       |       |       |     1 ||     1
